 Dungeon Crawl Stone Soup version 0.31-a0-1068-g5939ac1fb6 (webtiles) character file.

Game seed: 5994249299735167167

81 Maratek the Sneak (level 4, -6/28 HPs)
             Began as a Kobold Brigand on Nov 24, 2023.
             Mangled by a gnoll
             ... wielding a +0 halberd
              (9 damage)
             ... on level 3 of the Dungeon.
             The game lasted 00:02:50 (1630 turns).

Maratek the Sneak (Kobold Brigand)                  Turns: 1630, Time: 00:02:51

Health: -6/28      AC:  7    Str:  8    XL:     4   Next: 68%
Magic:  4/4        EV: 15    Int: 12    God:
Gold:   62         SH:  0    Dex: 18    Spells: 3/3 levels left

rFire   . . .        a - +3 dagger
rCold   . . .        (no shield)
rNeg    . . .        b - +0 robe
rPois   .            (no helmet)
rElec   .            c - +0 cloak
rCorr   .            (no gloves)
SInv    .            (no boots)
Will    .....        (no amulet)
Stlth   ++++         k - +4 ring of protection
HPRegen 0.24/turn    (no ring)
MPRegen 0.09/turn

%: no passive effects
@: no status effects
A: small, no large weapons, nightstalker 3
a: no special abilities


You were on level 3 of the Dungeon.
You visited 1 branch of the dungeon, and saw 3 of its levels.

You collected 62 gold pieces.

Inventory:

Hand Weapons
 a - a +3 dagger (weapon)
Missiles
 d - 4 poisoned darts
 i - 5 atropa-tipped darts
Armour
 b - a +0 robe (worn)
 c - a +0 cloak (worn)
Jewellery
 k - a +4 ring of protection (left hand)
Scrolls
 h - 4 scrolls of teleportation {unknown}
 j - 2 scrolls of identify {unknown}
 m - a scroll of poison {unknown}
 n - a scroll of immolation {unknown}
Potions
 f - a potion of heal wounds {unknown}
 l - a potion of might {unknown}
 o - a potion of haste {unknown}
 p - a potion of cancellation {unknown}


   Skills:
 * Level 3.1 Fighting
 * Level 3.5 Short Blades
 + Level 2.6 Throwing
 * Level 2.5 Dodging
 * Level 5.9 Stealth


You had 3 spell levels left.
You didn't know any spells.
Your spell library contained the following spells:

 Spells                   Type           Power      Damage    Failure   Level
 Sandblast                Erth           0%         2d4       32%         1
 Passwall                 Tmut/Erth      0%         N/A       45%         2
 Stone Arrow              Conj/Erth      0%         3d7       69%         3
 Brom's Barrelling Bould  Conj/Erth      0%         2d3       97%         4


Dungeon Overview and Level Annotations

Branches:
Dungeon (3/15)

Altars:
Dithmenos


Innate Abilities, Weirdness & Mutations

You are small and have problems with some larger weapons.
You are completely attuned to the shadows.


Message History

It is a scroll of enchant weapon.
Your +2 dagger glows red for a moment.
The gnoll closely misses you. x2
The rat closely misses you.
The frilled lizard bites you but does no damage.
The gnoll hits you with a +0 club.
Throw: 3 darts (curare)
Press: ? - help, Q - select action, (/) - cycle Shift-Dir - straight line, f - gnoll, p - gnoll
Aim: a gnoll, wielding a +0 club (64% to hit)
You throw a curare-tipped dart. The curare-tipped dart hits the gnoll.
The gnoll is poisoned.
The gnoll convulses.
The gnoll seems to slow down.
The gnoll is heavily wounded.
The gnoll closely misses you. The gnoll barely misses you.
The frilled lizard closely misses you. The rat barely misses you.
Throw: 2 darts (curare)
Press: ? - help, Q - select action, (/) - cycle Shift-Dir - straight line, f - gnoll, p - gnoll
Aim: a gnoll, wielding a +0 club (64% to hit)
You throw a curare-tipped dart.
The curare-tipped dart closely misses the gnoll.
The gnoll completely misses you. The gnoll hits you but does no damage.
The gnoll hits you with a +0 whip. The rat misses you.
The frilled lizard barely misses you. The gnoll completely misses you.
Throw: dart (curare)
Press: ? - help, Q - select action, (/) - cycle Shift-Dir - straight line, f - gnoll, p - gnoll
Aim: a gnoll, wielding a +0 whip (64% to hit)
You throw a curare-tipped dart. The curare-tipped dart hits the gnoll.
The gnoll is poisoned.
The gnoll convulses.
The gnoll seems to slow down.
The gnoll is heavily wounded.
The gnoll barely misses you.
You closely miss the frilled lizard. The gnoll barely misses you.
The frilled lizard closely misses you. The gnoll completely misses you.
The rat misses you. The gnoll hits you with a +0 whip.
* * * LOW HITPOINT WARNING * * *
You puncture the frilled lizard!
You kill the frilled lizard!
The gnoll hits you with a +0 club.
* * * LOW HITPOINT WARNING * * *
The rat completely misses you. The gnoll hits you with a +0 halberd!
You die...

..###.(
#..#..#
.##.....#
....†g...
#...@gb..
##.ggr...
#........
.........
.##.(...#


You could see 4 gnolls, a bat and a rat.

Vanquished Creatures
  Terence (D:2)
  2 dart slugs
  6 endoplasms
  4 giant cockroaches
  4 goblins (D:2)
  7 hobgoblins
  2 jackals (D:1)
  3 quokkas
  3 ball pythons (D:1)
  5 bats
  3 frilled lizards
  A kobold (D:2)
  8 rats
49 creatures vanquished.

Notes
Turn   | Place    | Note
-------+----------+-------------------------------------------
     0 | D:1      | Maratek the Kobold Brigand began the quest for the Orb.
     0 | D:1      | Reached XP level 1. HP: 12/12 MP: 1/1
   173 | D:1      | Reached XP level 2. HP: 18/18 MP: 2/2
   519 | D:1      | Reached XP level 3. HP: 22/22 MP: 3/3
  1044 | D:2      | Noticed Terence
  1058 | D:2      | Killed Terence
  1059 | D:2      | Reached XP level 4. HP: 20/28 MP: 4/4
  1618 | D:3      | Found a shadowy altar of Dithmenos.
  1630 | D:3      | Mangled by a gnoll

Illustrated notes

Levels and vault maps discovered:
D:1:      reono_arrival_forest_river, layout_basic, serial_co_window_serial,
          co_window_paths_b, co_window_paths_a, co_window_paths_a,
          co_window_paths_a, co_window_of_opportunity_a, co_window_corner_ca,
          co_window_2corner, co_window_paths_c, co_window_broadway_a,
          glass_columns_b, glass_columns_c, glass_columns_b
D:2:      wander_river, layout_rooms, minmay_bisected, uniq_terence
D:3:      layout_loops_ring, nicolae_dithmenos_shadow_blocks,
          kennysheep_okawaru_gauntlet, serial_shops,
          nicolae_shop_just_a_little_nook, minmay_misc_feat_rows,
          corexii_leaking_fountain

Skill      XL: |  1  2  3 |
---------------+----------+-----
Short Blades   | 3 |  3.5
Dodging        | 2 |  2.5
Fighting       | 3 |  3.1
Throwing       | |  2.6
Stealth        | |  5.9

Action                     |  1- 3 |  4- 6 || total
---------------------------+-------+-------++-------
  Melee: Dagger            |    61 |    16 ||    77
  Throw: Dart              |    18 |    39 ||    57
    Use: Scroll            |       |     1 ||     1
   Stab: Sleeping          |    21 |       ||    21
 Armour: Robe              |    20 |    20 ||    40
  Dodge: Dodged            |    33 |    34 ||    67

Table legend: (Time is in decaauts)
 A = Elapsed time spent in this place.
 B = Non-inter-level travel time spent in this place.
 C = Inter-level travel time spent in this place.
 D = Time resting spent in this place.
 E = Time spent auto-exploring this place.
 F = Levels seen in this place.
 G = Mean time per level.
                   A        B        C        D        E       F      G
               +--------+--------+--------+--------+--------+-----+--------+
         Total |   1655 |   1597 |     58 |      0 |   1308 |   3 |  551.7 |
       Dungeon |   1655 |   1597 |     58 |      0 |   1308 |   3 |  551.7 |
               +--------+--------+--------+--------+--------+-----+--------+

Top non-repeatable levels by time:
     D:1: 888 daAuts
     D:2: 756 daAuts
     D:3: 10 daAuts
